Engelson, lawful male human Samurai -------- ------ -------- |.*.....# ######### |`....# |......| |......| # #+....|# ##-......| |.......## -----`## #|....|# # |......| ----.--- # |....# # #|<...|# ### ----.--- # ### |...| # # #------# # # ### # |...| # ## # ### % # ##.....####### # # # # # ----- # # ########## # # # #####-----------# #-----# # -|-- # #-.........|# #|...|# --.--- ---..--- ###|.........|# #|...|# |....| |.....{| #-..........# #|...|# |....| |......| |.........| #-...-# |.D..| |......| ----------- |...| |@B..| ---..--- ----- |....| ---- ###############-....| ------ Engelson the Ninja Experience level: 7 Strength: 17 Dexterity: 19 Constitution: 16 Intelligence: 8 Wisdom: 8 Charisma: 7 Health: 0(67) Energy: 20(20) Def: 4 Gold: 697 Moves: 2759 Dungeon seed: IMwXEy6S6YTD6ye5 Game ID: Engelson_1622972894 Your Inventory: Coins $ - 697 gold pieces Weapons a - a +0 katana (weapon in hand) b - a +2 wakizashi c - a +1 yumi (alternate weapon; not wielded) d - 43 blessed +0 ya (in quiver) g - 12 +0 shuriken Armor n - a cursed -1 elven mithril-coat (being worn) Comestibles k - 4 uncursed lichen corpses m - an uncursed tripe ration o - 3 uncursed gunyoki r - a cursed burnt partly eaten eucalyptus leaf t - an uncursed pancake v - 2 uncursed sprigs of wolfsbane A - an uncursed pear G - an uncursed tin of shrieker Scrolls u - 4 cursed scrolls of identify B - a cursed scroll of light I - an uncursed scroll of identify Potions h - a cursed potion of hallucination p - a cursed potion of healing E - a blessed potion of extra healing H - 3 potions of unholy water R - an uncursed potion of restore ability S - an uncursed potion of extra healing V - an uncursed potion of fruit juice W - a cursed potion of invisibility Z - a cursed potion of levitation Rings J - a cursed -1 ring of stealth Wands f - a wand of probing (0:3) j - a wand of striking (0:6) l - a wand of slow monster (0:5) q - a cursed wand of enlightenment (0:13) w - a wand of teleportation (0:6) x - a wand of nothing (0:5) D - a cursed wand of magic missile (0:7) F - a cursed wand of cancellation (0:0) T - a cursed wand of enlightenment (0:12) Gems e - an uncursed worthless piece of blue glass Spells and supernatural/magical abilities: Name Level Category Fail Memory W - pray for help -- divine ? -- Your skills at the end: Miscellaneous Skills martial arts [Basic] wands [Basic] stealth [Basic] Weapon Skills short sword [Basic] long sword [Basic] bow [Basic] shuriken [Basic] Spellcasting Skills Final Attributes: You were fervently aligned. You were hallucinating. Your writing hand was cramped from overuse. You saw invisible. You were telepathic. You were somewhat stealthy. You were held by an owlbear. You were fast. You are dead. Vanquished creatures: a ghost a large mimic a small mimic a yeti a dog 2 yellow lights an imp a rock piercer a pony a shrieker 3 gnome lords a gray ooze a floating eye 2 kittens a homunculus 4 iguanas a giant bat 2 monkeys 2 dwarf zombies a werejackal a gas spore 2 acid blobs a large kobold 4 geckos 2 giant rats a cave spider a yellow mold 8 gnomes 6 garter snakes 2 manes a gnome zombie 12 jackals 3 newts 2 goblins 2 sewer rats 4 grid bugs a bat 7 lichens a kobold zombie and a partridge in a pear tree 90 creatures vanquished. Voluntary challenges: You did not adorn yourself with jewelry or accessories. You did not cause conflict. You were not invisible. You did not have reflection. You were not displaced. You used a wielded weapon 113 times, starting on turn 25. You did not use tools. You did not use plumbed fixtures. You read items or engraved 14 times, starting on turn 71. You never genocided any monsters. You never polymorphed an object. You changed form 1 time, starting on turn 1588. You used no wishes. You never split a pudding. You wrote Elbereth's name 2 times, starting on turn 2560. You never violated bushido. Dungeon overview: The Dungeons of Doom: levels 1 to 8 Level 1 a fountain a long staircase Level 2 a fountain Level 3 a fountain Level 4 an altar to Susanowo, a fountain stairs to The Gnomish Mines Level 5 a fountain Level 6 a general store, a fountain, a sink Level 7 <- You were here a fountain Level 8 many fountains The Gnomish Mines: Level 5 stairs to The Dungeons of Doom History has recorded: On T:1 you entered the Dungeons of Doom to retrieve the Amulet of Yendor! On T:321 you reached level 2 of The Dungeons of Doom. On T:337 you advanced to experience level 2. On T:691 you reached level 3 of The Dungeons of Doom. On T:877 you advanced to experience level 3. On T:973 you reached level 4 of The Dungeons of Doom. On T:1016 you reached level 1 of The Gnomish Mines. On T:1038 you prayed to Amaterasu Omikami. On T:1206 you reached level 5 of The Dungeons of Doom. On T:1216 you advanced to experience level 4. On T:1372 you reached level 6 of The Dungeons of Doom. On T:1541 you advanced to experience level 5. On T:1778 you advanced to experience level 6. On T:2053 you reached level 7 of The Dungeons of Doom. On T:2364 you reached level 8 of The Dungeons of Doom. On T:2491 you received advice from The Oracle. On T:2491 you advanced to experience level 7. On T:2516 you prayed to Amaterasu Omikami. Score breakdown: Gold: 697 ( 69 points) Experience: 7 levels ( 600 points) Exploration: 8 levels ( 210 points) Discoveries: 25 items ( 1250 points) Variety of kills: 39 monsters ( 1950 points) Major goal: (nothing yet) ( 0 points) Survival: died (score multiplied by 3) Total score: 12237 Latest messages: You stop travelling. You see here a statue of a forest centaur. There is a doorway here. There are a few objects here. There is a staircase up here. There are many objects here. You stop waiting. The baby crocodile is almost hit by an arrow! The mumak manhandles you! The barrow wight abuses you! The gnome grabs you! The baby yellow dragon manhandles you! The plains centaur abuses you! You are being crushed. The robot abuses you! King Kong imagines you! You are being crushed. The gnu misses the troll. The mother-in-law masticates you! The arch-lich masticates you! You die... Final status: Sayonara Engelson the Samurai, killed by a hallucinogen-distorted owlbear... You died in The Dungeons of Doom on dungeon level 7 with 12237 points, and 697 pieces of gold, after 2759 moves. You were level 7 with a maximum of 67 hit points when you died.